 Dungeon Crawl Stone Soup version 0.29.1-12-g30fa7ad0bf (webtiles) character file.

Game seed: 17402782121858979211

1694 AarnesTheHuman the Gusty (level 9, -2/55 HPs)
             Began as a Tengu Air Elementalist on Dec 13, 2022.
             Was a Follower of Fedhas.
             Killed by their own static electricity (4 damage)
             ... on level 6 of the Dungeon.
             The game lasted 00:16:21 (8882 turns).

AarnesTheHuman the Gusty (Tengu Air Elementalist)   Turns: 8882, Time: 00:16:22

Health: -2/55      AC:  3    Str: 11    XL:     9   Next: 2%
Magic:  9/19       EV: 14    Int: 17    God:    Fedhas [*.....]
Gold:   325        SH:  0    Dex: 15    Spells: 10/20 levels left

rFire   . . .      SeeInvis .   a - +2 dagger (speed)
rCold   . . .      Faith    .   (no shield)
rNeg    . . .      Spirit   .   k - +0 robe of the Iron Devil {+Blink}
rPois   .          Reflect  .   (helmet restricted)
rElec   .          Harm     .   (no cloak)
rCorr   .          Rampage  .   j - +0 pair of gloves
Will    .....                   (boots unavailable)
Stlth   ++........              (no amulet)
HPRegen 0.18/turn               (no ring)
MPRegen 0.16/turn               (no ring)

@: flying quickly and evasively, quick
A: beak, talons 3, nimble flight
a: Renounce Religion, Evoke Blink


You were on level 6 of the Dungeon.
You worshipped Fedhas.
Fedhas was aware of your devotion.
You visited 2 branches of the dungeon, and saw 8 of its levels.

You collected 325 gold pieces.

Inventory:

Hand Weapons
 a - a +2 dagger of speed (weapon)
 b - a +2 short sword of electrocution
 e - a +0 dagger
 n - a +0 hand axe of electrocution
Missiles
 d - 4 datura-tipped darts
 g - 78 stones
Armour
 j - a +0 pair of gloves (worn)
 k - the +0 robe of the Iron Devil (worn) {+Blink}
   (You found it on level 2 of the Dungeon)

   +Blink:    It lets you blink.
 s - the +1 robe "Hewukh" {rPois Str-4 Int+3}
   (You found it on level 5 of the Dungeon)

   Str:       It affects your strength (-4).
   Int:       It affects your intelligence (+3).
   rPois:     It protects you from poison.
 y - a +0 robe
Jewellery
 u - a ring of magical power
Wands
 v - a wand of polymorph (7)
 B - a wand of flame (16)
 D - a wand of light (7)
Scrolls
 f - 9 scrolls of teleportation
 h - 2 scrolls of fear
 l - 2 scrolls of fog
 m - 2 scrolls of poison
 A - a scroll of identify
Potions
 c - a potion of heal wounds
 i - a potion of berserk rage
 o - 2 potions of might
 p - a potion of brilliance {unknown}
 q - 2 potions of attraction
 r - a potion of resistance {unknown}
 t - 2 potions of haste
 w - 2 potions of curing
 x - a potion of mutation {unknown}
 z - a potion of invisibility {unknown}
 C - 2 potions of magic


   Skills:
 - Level 6.0 Fighting
 - Level 2.1 Dodging
 - Level 2.0 Stealth
 - Level 6.0 Spellcasting
 - Level 4.0 Conjurations
 - Level 7.0 Air Magic
 + Level 3.9 Invocations


You had 10 spell levels left.
You knew the following spells:

 Your Spells              Type           Power      Damage    Failure   Level
a - Shock                 Conj/Air       92%        1d8       1%          1
b - Static Discharge      Conj/Air       23%        3-6/arc   1%          2
c - Swiftness             Air            28%        N/A       2%          3
d - Airstrike             Air            14%        2d(2-18)  7%          4

Your spell library contained the following spells:

 Spells                   Type           Power      Damage    Failure   Level
 Sandblast                Erth           10%        2d5       13%         1
 Dazzling Flash           Conj/Hex       22%        N/A       17%         3
 Stone Arrow              Conj/Erth      22%        3d8       17%         3
 Ensorcelled Hibernation  Hex/Ice        10%        N/A       19%         2
 Passwall                 Tmut/Erth      4%         N/A       19%         2
 Portal Projectile        Hex/Tloc       10%        N/A       36%         3
 Spider Form              Tmut/Pois      5%         N/A       36%         3
 Tukima's Dance           Hex            5%         N/A       36%         3
 Silence                  Hex/Air        8%         N/A       63%         5
 Anguish                  Hex/Necr       2%         N/A       77%         4
 Agony                    Necr           5%         N/A       98%         5
 Blade Hands              Tmut           2%         N/A       98%         5


Dungeon Overview and Level Annotations

Branches:
Dungeon (7/15)             Temple (1/1) D:5

Altars:
Ashenzari
Dithmenos
Elyvilon
Fedhas
Gozag
Kikubaaqudgha
Makhleb
Nemelex Xobeh
Okawaru
Qazlal
Ru
Sif Muna
Trog
Uskayaw
Wu Jian
Xom
Yredelemnul
Zin
The Shining One

Shops:
D:1 [

Annotations:
D:1 exclusion: downstairs
D:2 Sigmund
D:7 Pikel


Innate Abilities, Weirdness & Mutations

You have a beak for a mouth.
You have claws for feet.
Your magical nature lets you fly swiftly and evasively.


Message History

The lemure is struck by an arc of lightning!
The lemure is heavily wounded.
You are struck by an arc of lightning.
The lightning grounds out.
The bullfrog hits you. The orc misses you. The lemure hits you.
The lemure hits you but does no damage. The bullfrog hits you.
Casting: Static Discharge (safe; 1% risk of failure)
Confirm with . or Enter, or press ? or * to list all spells.
The bullfrog is struck by an arc of lightning!
You kill the bullfrog!
Fedhas appreciates your contribution to the ecosystem.
You are struck by an arc of lightning.
* * * LOW HITPOINT WARNING * * *
The lightning grounds out.
The lemure is struck by an arc of lightning.
The lemure is heavily wounded.
The lemure is struck by an arc of lightning.
The lemure is severely wounded.
The lightning grounds out.
The lemure is struck by an arc of lightning!
You kill the lemure!
That felt strangely unrewarding.
You are struck by an arc of lightning.
* * * LOW HITPOINT WARNING * * *
The lemure is struck by an arc of lightning.
The lemure is severely wounded.
You are struck by an arc of lightning.
* * * LOW HITPOINT WARNING * * *
The lightning grounds out.
The orc barely misses you. The lemure hits you!
* * * LOW HITPOINT WARNING * * *
You have reached level 9!
Your experience leads to an increase in your attributes!
Increase (S)trength, (I)ntelligence, or (D)exterity?
You feel stronger. x2
Casting: Static Discharge (safe; 1% risk of failure)
Confirm with . or Enter, or press ? or * to list all spells.
The orc is struck by an arc of lightning.
You kill the orc!
Fedhas appreciates your contribution to the ecosystem.
You are struck by an arc of lightning.
You die...
Fedhas appreciates your contribution to the ecosystem.

#..............#............+
#..............'............#
#............(.#....##.....##
#.............[#############.
##########....['...........#.
#....[#...........#. ######
#.....#...........#. .....#
#.....#...........#. .....#
#..@..#...........'. .....#
#.).5.#...........#.
.....#########.....#...........#.
...................#############.
...............[[................
.................................
.................................
.................................
.................................


You could see a lemure.

Vanquished Creatures
  Grinder (D:5)
  Duvessa (D:6)
  2 ice beasts
  A centaur (D:6)
  A lemure (D:6)
  Blork the orc (D:5)
  A bullfrog (D:6)
  2 necrophages
  3 scorpions
  Dowan (D:6)
  2 howler monkeys
  2 jellies
  5 hounds
  2 orc priests (D:4)
  An orc wizard (D:6)
  4 iguanas
  6 adders
  An ufetubus (D:4)
  2 dart slugs (D:3)
  22 orcs
  4 endoplasms
  4 giant cockroaches
  7 goblins
  12 hobgoblins
  3 jackals (D:3)
  4 kobolds
  7 ball pythons
  6 bats
  3 frilled lizards
  2 rats
113 creatures vanquished.

Notes
Turn   | Place    | Note
-------+----------+-------------------------------------------
     0 | D:1      | AarnesTheHuman the Tengu Air Elementalist began the quest
                  | for the Orb.
     0 | D:1      | Reached XP level 1. HP: 10/10 MP: 4/4
   119 | D:1      | Found Zisos's Antique Armour Shoppe.
   170 | D:1      | Reached XP level 2. HP: 15/15 MP: 1/6
   332 | D:1      | Found a faded altar of an unknown god.
   971 | D:2      | Learned a level 2 spell: Static Discharge
  1057 | D:2      | Reached XP level 3. HP: 14/19 MP: 2/8
  1262 | D:2      | Noticed Sigmund
  1572 | D:2      | Identified the +0 robe of the Iron Devil {+Blink}
  1997 | D:3      | Reached skill level 5 in Air Magic
  2726 | D:3      | Reached XP level 4. HP: 22/24 MP: 6/9
  3719 | D:4      | Learned a level 3 spell: Swiftness
  3789 | D:4      | Gained mutation: Your magical nature lets you fly swiftly
                  | and evasively. [Tengu growth]
  3789 | D:4      | Reached XP level 5. HP: 28/28 MP: 7/10
  4256 | D:4      | Reached skill level 6 in Air Magic
  4256 | D:4      | Reached XP level 6. HP: 24/32 MP: 4/12
  5244 | D:5      | Entered Level 5 of the Dungeon
  5255 | D:5      | Reached skill level 7 in Air Magic
  5255 | D:5      | Reached XP level 7. HP: 25/36 MP: 7/15
  5469 | D:5      | Reached skill level 5 in Spellcasting
  5872 | D:5      | Identified the +1 robe "Hewukh" {rPois Str-4 Int+3}
  5872 | D:5      | Noticed Blork the orc
  6116 | D:5      | Killed Blork the orc
  6117 | D:5      | Reached skill level 1 in Fighting
  6300 | D:5      | Noticed Grinder
  6324 | D:5      | Killed Grinder
  6325 | D:5      | Reached XP level 8. HP: 18/47 MP: 9/18
  6663 | D:5      | Found a staircase to the Ecumenical Temple.
  6680 | Temple   | Entered the Ecumenical Temple
  6984 | Temple   | Became a worshipper of Fedhas Madash
  7304 | D:6      | Reached skill level 1 in Invocations
  7547 | D:6      | Reached skill level 5 in Fighting
  8013 | D:6      | Noticed Dowan
  8020 | D:6      | Learned a level 4 spell: Airstrike
  8021 | D:6      | Noticed Duvessa
  8031 | D:6      | Killed Duvessa
  8032 | D:6      | Killed Dowan
  8728 | D:6      | Found a sparkling altar of Nemelex Xobeh.
  8729 | D:6      | Found a stormy altar of Qazlal.
  8730 | D:6      | Found a burning altar of Makhleb.
  8875 | D:7      | Noticed Pikel
  8881 | D:6      | Reached * piety under Fedhas
  8881 | D:6      | HP: 2/51 [lemure[Pikel] (8)]
  8882 | D:6      | Reached XP level 9. HP: 2/55 MP: 11/19
  8882 | D:6      | Killed from afar by themself

Illustrated notes

Levels and vault maps discovered:
D:1:      dpeg_arrival_connections, layout_loops_ring, serial_shops, shop,
          nicolae_ecumenical_lake_church
D:2:      layout_basic, uniq_sigmund
D:3:      layout_rooms, serial_bayou_lake_a
D:4:      layout_loops_ring
D:5:      layout_gridville, minmay_temple_entry_stoned_glass, sigmund_army,
          uniq_blork_the_orc, uniq_grinder
D:6:      layout_gridville, chequers_temple_overflow_statue_of_worship,
          kennysheep_generic_room_12, uniq_duvessa
D:7:      layout_basic, nicolae_overflow_squiral, serial_shops,
          nicolae_shop_stone, uniq_pikel
Temple:   compressed_dpeg_triangle_lava_temple

Skill      XL: |  1  2  3  4  5  6  7  8 |
---------------+-------------------------+-----
Air Magic      | 5 6 7 |  7.0
Conjurations   | 2 3 4 |  4.0
Spellcasting   | 3 4 6 |  6.0
Fighting       | 3 6 |  6.0
Invocations    | 3 |  3.9
Dodging        | |  2.1
Stealth        | |  2.0

Action                   |  1- 3 |  4- 6 |  7- 9 || total
-------------------------+-------+-------+-------++-------
Melee: Unarmed           |     1 |       |       ||     1
       Dagger            |     5 |     8 |     5 ||    18
       Peck              |       |     1 |     1 ||     2
       Kick              |       |     2 |     1 ||     3
       Short sword       |       |       |     3 ||     3
       Punch             |       |       |     1 ||     1
 Cast: Shock             |    27 |    27 |    58 ||   112
       Static Discharge  |    20 |    25 |    43 ||    88
  Use: Scroll            |       |    10 |     4 ||    14
       Potion            |       |     1 |     1 ||     2
 Stab: Sleeping          |     2 |     3 |     3 ||     8
Armor: Robe              |    10 |     3 |     5 ||    18
Dodge: Dodged            |    20 |    16 |    41 ||    77
